AoeStats
← El_Chin_Chin

Migration

505145398Analyzed
1v1 RM · 23d ago on Sep 8, 2026· 54m 29s· 2 players
Game mode
Random Map
Map size
132×132
Population
200
Speed
Normal
Resources
Standard
Victory
Conquest
Starting age
Dark Age
Ending age
Imperial Age
RankedLock teamsTeams togetherTeam positionsShared explorationLock speedFull tech treeHidden civsTurbo modeCheats
Victory
Defeat
🇵🇪 Berbers · Peru
598
+14
🇵🇪 Ethiopians · Peru
555
-14
NeilCast
0:44 Loom
10:19 Feudal Age
12:08 Wheelbarrow
14:04 Double-Bit Axe
14:01 Horse Collar
16:20 Town Watch
20:56 Castle Age
19:50 Gold Mining
22:23 Bow Saw
24:17 Heavy Plow
28:18 Hand Cart
35:36 Imperial Age
33:13 Stone Mining
35:33 Town Patrol
35:38 Padded Archer Armor
35:29 Fletching
38:57 Leather Archer Armor
38:48 Murder Holes
39:55 Chemistry
39:51 Elite Camel Archer
41:08 Heated Shot
41:39 Ballistics
53:37 Crossbowman
El_Chin_Chin
0:37 Loom
12:54 Feudal Age
14:47 Wheelbarrow
14:09 Double-Bit Axe
14:16 Horse Collar
14:39 Town Watch
17:36 Fishing Lines
23:04 Castle Age
24:42 Medium Warships
24:28 Gillnets
25:06 Fletching
27:39 Hand Cart
28:52 Coinage
28:58 Bow Saw
29:29 Heavy Plow
30:48 Squires
31:28 Town Patrol
34:27 Masonry
36:06 Elite Skirmisher
52:04 Royal Heirs
52:15 Bodkin Arrow
Connection lost

Rejoining the realm…

Still unreachable

The connection could not be restored.

Session expired

The server has moved on; the page needs a fresh start.